 Dungeon Crawl Stone Soup version 0.25-a0-510-ge065f6de7d (webtiles) character file.

Game seed: 3380788726546995096, levelgen mode: deterministic

26 Flugslaktarn the Shield-Bearer (level 2, -1/27 HPs)
             Began as a Deep Dwarf Fighter on Feb 15, 2020.
             Slain by Sigmund
             ... wielding a +0 scythe of venom
              (11 damage)
             ... on level 2 of the Dungeon.
             The game lasted 00:00:16 (235 turns).

Flugslaktarn the Shield-Bearer (Deep Dwarf Fighter)  Turns: 235, Time: 00:00:17

Health: -1/27      AC:  6    Str: 19    XL:     2   Next: 89%
Magic:  2/2        EV:  7    Int:  8    God:
Gold:   11         SH:  9    Dex: 12    Spells: 1/1 levels left

rFire    . . .     SeeInvis .   a - +0 war axe
rCold    . . .     Gourm    .   c - +0 kite shield
rNeg     . . .     Faith    .   b - +0 scale mail
rPois    .         Spirit   .   (no helmet)
rElec    .         Reflect  .   (no cloak)
rCorr    .         Harm     .   (no gloves)
MR       .....                  (no boots)
Stlth    ..........             (no amulet)
HPRegen  0.00/turn              (no ring)
MPRegen  0.08/turn              (no ring)

@: lethally poisoned (-1 -> -1), non-regenerating
A: damage resistance, heal wounds, sense surroundings 1, no regeneration
a: Heal Wounds


You were on level 2 of the Dungeon.
You were not hungry.

You visited 1 branch of the dungeon, and saw 2 of its levels.

You collected 11 gold pieces.

Inventory:

Hand Weapons
 a - a +0 war axe (weapon)
Armour
 b - a +0 scale mail (worn)
 c - a +0 kite shield (worn)
Scrolls
 f - a scroll of identify {unknown}
 g - a scroll of remove curse {unknown}
 j - 2 scrolls of teleportation {unknown}
 k - 2 scrolls of enchant armour {unknown}
Potions
 d - a potion of might
 i - a potion of degeneration {unknown}
Comestibles
 e - 3 rations
 h - 10 chunks of flesh


   Skills:
 + Level 2.9 Fighting
 * Level 2.9 Axes
 + Level 3.5 Armour
 + Level 3.5 Shields


You had one spell level left.
You didn't know any spells.
Your spell library was empty.

Dungeon Overview and Level Annotations

Branches:
Dungeon (2/15)

Altars:

Annotations:
D:2 Sigmund


Innate Abilities, Weirdness & Mutations

You are resistant to damage.
You can heal yourself by infusing magical energy.
You passively map a small area around you.
You do not regenerate.


Message History

You hit the rat.
You kill the rat!
Your shield prevents you from hitting something.
You hear some strange, mumbled words.
A magic dart appears from out of thin air!
The magic dart hits you! You block something's attack.
No target in view!
No target in view!
No target in view!
No target in view!
No target in view!
No target in view!
No target in view!
No target in view!
No target in view!
No target in view!
No target in view!
No target in view!
Something hits you!
You die...

, ..###..,...#...#....
, ** ...#. #.#...#....
***
.#.#....#.....#.... ,
* , .)....###....#....
* , ......###....#....
* , #.##.........#....
, *
,#.##.##........... ,
#.##.##.........#. *
,#.##@##.##..#....###.
,
#......<##....>......
#......).††...##.###.
, ...........)..#.##.#
#. ,,
*#.#.##.##.###.#.##.#
#. .. #. #.##.#
#.#.#... .. # # #....#
#.#.# ##*#. , *
.....#*#.#.#,* #.
...... ..... , ,..


There were no monsters in sight!

Vanquished Creatures
  An adder (D:2)
  4 goblins (D:1)
  5 hobgoblins
  3 bats
  A kobold (D:2)
  2 rats
16 creatures vanquished.

Notes
Turn   | Place    | Note
-------+----------+-------------------------------------------
     0 | D:1      | Flugslaktarn the Deep Dwarf Fighter began the quest for the
                  | Orb.
     0 | D:1      | Reached XP level 1. HP: 20/20 MP: 1/1
   134 | D:1      | Reached XP level 2. HP: 27/27 MP: 2/2
   224 | D:2      | Noticed Sigmund
   235 | D:2      | Slain by Sigmund

Levels and vault maps discovered:
D:1:      dpeg_arrival_pits, layout_rooms, serial_bayou_pond_b
D:2:      layout_basic, uniq_sigmund

Action                   || total
-------------------------++-------
Melee: War axe           ||    45
Armor: Scale mail        ||    26
Dodge: Dodged            ||    15
Block: Kite shield       ||    30

Table legend:
 A = Non-vault XP
 B = Vault XP
 C = Vault XP percentage of total XP
 D = Non-vault monster count
 E = Vault monster count
 F = Vault count percentage of total count
                 A         B        C        D         E       F
            +---------+---------+-------+---------+---------+-------
      Total |      33 |       5 |  13.2 |      13 |       3 |  18.8
            +---------+---------+-------+---------+---------+-------
        D:1 |      15 |       5 |  25.0 |       8 |       3 |  27.3
        D:2 |      18 |       0 |   0.0 |       5 |       0 |   0.0
            +---------+---------+-------+---------+---------+-------
